 Dungeon Crawl Stone Soup version 0.28-a0-771-g91a516d0e7 (webtiles) character file.

Game seed: 10438138301044132716

32363 nikt the Unseen (level 13, -5/63 HPs)
             Began as a Spriggan Enchanter on Nov 1, 2021.
             Was an Elder of Dithmenos.
             Slain by a centaur warrior (19 damage)
             ... on level 13 of the Dungeon.
             The game lasted 00:40:20 (13919 turns).

nikt the Unseen (Spriggan Enchanter)               Turns: 13919, Time: 00:40:21

Health: -5/63      AC:  9    Str:  8    XL:     13   Next: 31%
Magic:  25/49      EV: 22    Int: 16    God:    Dithmenos [****..]
Gold:   1644       SH:  0    Dex: 17    Spells: 24/38 levels left

rFire   . . .      SeeInvis +   G - +4 quick blade
rCold   . . .      Faith    .   (shield restricted)
rNeg    . . .      Spirit   .   w - +2 steam dragon scales
rPois   .          Reflect  .   (helmet restricted)
rElec   .          Harm     .   k - +1 cloak {rCorr}
rCorr   +          Rampage  .   (gloves unavailable)
Will    ++...                   (boots unavailable) Stlth *+++++++++
                                o - amulet of regeneration
HPRegen 1.20/turn               g - ring of magical power
MPRegen 0.31/turn               v - ring of magical power

@: wreathed by umbra, very quick
A: very small, no large weapons, unfitting armour, see invisible, speed 3
a: Renounce Religion, Shadow Step


You were on level 13 of the Dungeon.
You worshipped Dithmenos.
Dithmenos was greatly pleased with you.
You visited 2 branches of the dungeon, and saw 14 of its levels.
You also visited: Bailey.

You collected 1769 gold pieces.
You spent 125 gold pieces at shops.

Inventory:

Hand Weapons
 b - a +2 short sword of holy wrath
 l - a +2 dagger of draining
 G - a +4 quick blade (weapon)
Missiles
 m - 40 poisoned darts (quivered)
 s - 3 datura-tipped darts
 A - 23 boomerangs
Armour
 k - a +1 cloak of preservation (worn)
 w - +2 steam dragon scales (worn)
Jewellery
 g - a ring of magical power (left hand)
 o - an amulet of regeneration (around neck)
 v - a ring of magical power (right hand)
 F - the ring "Fokots" {Wiz rF- rN+++ Int+4 Stlth+}
   (You found it on level 10 of the Dungeon)

   [ring of wizardry]

   It improves your spell success rate.
   Int:       It affects your intelligence (+4).
   rF:        It makes you vulnerable to fire.
   rN:        It renders you almost immune to negative energy.
   Stlth:     It makes you more stealthy.
Wands
 h - a wand of iceblast (8)
 t - a wand of polymorph (29)
 y - a wand of acid (6)
 C - a wand of mindburst (35)
 H - a wand of paralysis (4)
Scrolls
 a - 2 scrolls of amnesia
 i - 2 scrolls of magic mapping
 n - 8 scrolls of teleportation
 q - 4 scrolls of immolation
 x - 2 scrolls of blinking
 D - a scroll of identify
Potions
 c - a potion of flight
 d - 2 potions of berserk rage
 e - 4 potions of attraction
 f - 2 potions of heal wounds
 j - 5 potions of haste
 p - a potion of resistance
 r - 7 potions of curing
 u - a potion of ambrosia
 z - 2 potions of cancellation
 B - a potion of lignification
 E - a potion of might
 I - a potion of brilliance


   Skills:
 + Level 5.0 Fighting
 + Level 7.0 Short Blades
 + Level 8.7 Dodging
 + Level 20.1 Stealth
 + Level 13.0 Spellcasting
 + Level 13.2 Hexes
 * Level 1.6 Summonings


You had 24 spell levels left.
You knew the following spells:

 Your Spells              Type           Power      Damage    Failure   Level
a - Ensorcelled Hibernat  Hex/Ice        62%        N/A       1%          2
b - Tukima's Dance        Hex            51%        N/A       1%          3
c - Dazzling Flash        Conj/Hex       62%        N/A       1%          3
d - Animate Skeleton      Necr           20%        N/A       7%          1
e - Summon Mana Viper     Hex/Summ       34%        N/A       9%          5

Your spell library contained the following spells:

 Spells                   Type           Power      Damage    Failure   Level
 Slow                     Hex            100%       N/A       1%          1
 Confusing Touch          Hex            51%        N/A       1%          3
 Portal Projectile        Hex/Tloc       62%        N/A       1%          3
 Summon Small Mammal      Summ           60%        N/A       3%          1
 Apportation              Tloc           20%        N/A       7%          1
 Shock                    Conj/Air       40%        1d5       7%          1
 Sting                    Tmut/Pois      40%        1d5       7%          1
 Poisonous Vapours        Pois/Air       20%        N/A       10%         2
 Metabolic Englaciation   Hex/Ice        15%        N/A       12%         5
 Yara's Violent Unravell  Hex/Tmut       15%        3d8       12%         5
 Ignite Poison            Fire/Tmut/Pois 10%        N/A       21%         3
 Mephitic Cloud           Conj/Pois/Air  10%        N/A       21%         3
 Ozocubu's Armour         Ice            10%        N/A       21%         3
 Swiftness                Air            10%        N/A       21%         3
 Airstrike                Air            5%         N/A       54%         4
 Olgreb's Toxic Radiance  Pois           10%        N/A       54%         4
 Summon Forest            Summ/Tloc      6%         N/A       80%         5
 Blade Hands              Tmut           5%         N/A       88%         5
 Excruciating Wounds      Necr           5%         N/A       88%         5
 Freezing Cloud           Conj/Ice/Air   5%         6-21      88%         5
 Iskenderun's Battlesphe  Conj           10%        2d6       88%         5
 Summon Cactus Giant      Summ           7%         N/A       99%         6
 Iron Shot                Conj/Erth      5%         9d2       100%        6
 Simulacrum               Ice/Necr       5%         N/A       100%        6
 Spellforged Servitor     Conj/Summ      6%         N/A       100%        7


Dungeon Overview and Level Annotations

Branches:
Dungeon (13/15)            Temple (1/1) D:6            Lair (0/6) D:9
    Orc (0/2) D:10         Vaults (0/5) D:13         Bailey (visited)

Altars:
Ashenzari
Cheibriados
Dithmenos
Gozag
Hepliaklqana
Kikubaaqudgha
Makhleb
Nemelex Xobeh
Ru
Sif Muna
Trog
Uskayaw
The Shining One

Shops:
D:1 (   D:6 (   D:7 *   D:10 [

Annotations:
D:13 Nessos


Innate Abilities, Weirdness & Mutations

You are very small and have problems with some larger weapons.
You are too small for most types of armour.
You have supernaturally acute eyesight. (SInv)
You cover ground extremely quickly. (Speed+++)


Message History

Unknown command.
Casting: Ensorcelled Hibernation (safe; 1% risk of failure)
Confirm with . or Enter, or press ? or * to list all spells.
Aiming: Ensorcelled Hibernation (safe; 1% risk of failure)
Press: ? - help, Shift-Dir - straight line, f/p - centaur warrior
Aim: a centaur warrior, wielding a +0 morningstar (umbra, chance to affect: 42%)
The centaur warrior resists with some effort.
The centaur warrior hits you with a +0 morningstar!
The centaur warrior barely misses you.
Casting: Ensorcelled Hibernation (safe; 1% risk of failure)
Confirm with . or Enter, or press ? or * to list all spells.
Aiming: Ensorcelled Hibernation (safe; 1% risk of failure)
Press: ? - help, Shift-Dir - straight line, f/p - centaur warrior
Aim: a centaur warrior, wielding a +0 morningstar (umbra, chance to affect: 42%)
The centaur warrior resists with some effort.
The centaur warrior hits you with a +0 morningstar!!
The centaur warrior kicks you but does no damage.
The centaur warrior completely misses you.
The centaur warrior closely misses you.
Casting: Ensorcelled Hibernation (safe; 1% risk of failure)
Confirm with . or Enter, or press ? or * to list all spells.
Aiming: Ensorcelled Hibernation (safe; 1% risk of failure)
Press: ? - help, Shift-Dir - straight line, f/p - centaur warrior
Aim: a centaur warrior, wielding a +0 morningstar (umbra, chance to affect: 42%)
The centaur warrior resists with some effort.
Your shadow mimicks your spell!
The centaur warrior easily resists.
The centaur warrior hits you with a +0 morningstar!
* * * LOW HITPOINT WARNING * * *
The centaur warrior misses you.
Casting: Ensorcelled Hibernation (safe; 1% risk of failure)
Confirm with . or Enter, or press ? or * to list all spells.
Aiming: Ensorcelled Hibernation (safe; 1% risk of failure)
Press: ? - help, Shift-Dir - straight line, f/p - centaur warrior
Aim: a centaur warrior, wielding a +0 morningstar (umbra, chance to affect: 42%)
The centaur warrior resists with some effort.
Your shadow mimicks your spell!
The centaur warrior easily resists.
The centaur warrior hits you with a +0 morningstar!!
You die...

##.# #........#.... ####..#
#........###.. #....##
####)'#### #.. #.####
#....#.###### ####.######
#..###....)). ..........#
#.###....#### ..........#
#.###.##.#
..........###########.....##.#
#
................@c.#.....###.#
#
..........########.........#.#
# ........(.#
###..####.#...#### .†........#
##...## #.###..... ###..######
#..### #.#...###. #..D#
######pc## .....### #.
#.#.####....).### #.#.## ..
#.........)..c... #.# ..#
#....##D....p.##. #.# ###


You could see a centaur warrior.

Vanquished Creatures
  Kirke (D:12)
  An orc warlord (Bailey)
  Josephine (D:11)
  Snorg (D:11)
  2 hydras (D:13)
  Erolcha (D:12)
  3 centaur warriors (D:13)
  4 two-headed ogres
  Nergalle (D:10)
  An orc knight (Bailey)
  2 ugly things
  2 cyclopes
  Maurice (D:13)
  7 centaur zombies
  An unseen horror (D:12)
  A gargoyle (D:12)
  2 komodo dragons
  A polar bear (shapeshifter) (D:13)
  3 trolls
  A hornet (D:9)
  2 vampires
  2 shadows
  3 wyverns (D:9)
  5 wraiths (D:11)
  17 yaks
  3 basilisks
  A steam dragon (D:8)
  2 vampire mosquitoes
  2 acid dragons
  A hornet zombie (D:7)
  5 orc warriors
  2 ice beasts (D:7)
  3 necrophages
  3 black bears
  4 centaurs
  5 bullfrogs
  2 gnoll sergeants
  A scorpion (D:6)
  2 water moccasin zombies
  7 wights
  2 howler monkeys
  3 hounds
  A gnoll shaman (D:4)
  8 orc priests
  A jelly (D:6)
  2 centaur skeletons
  4 iguanas
  12 orc wizards
  A hound skeleton (D:5)
  2 howler monkey zombies
  A mummy (D:12)
  16 gnolls
  9 adders
  A shadow imp (D:5)
  A white imp (D:8)
  A worm (D:4)
  A dart slug (D:2)
  31 orcs
  6 bats
  6 endoplasms
  3 giant cockroaches
  8 goblins
  4 hobgoblins
  4 jackals (D:3)
  A quokka (D:1)
  9 ball pythons
  6 frilled lizards
  12 kobolds
  5 rats
270 creatures vanquished.

Vanquished Creatures (collateral kills)
  A two-headed ogre (D:12)
  Urug (D:13)
  A kobold demonologist (D:10)
  An ogre (D:6)
  A wight (D:7)
  A gnoll shaman (D:5)
  4 gnolls
  3 orcs
  A hobgoblin (Bailey)
  2 kobolds (Bailey)
16 creatures vanquished.

Vanquished Creatures (others)
  A human (D:12)
  16 dancing weapons
  A centaur (D:13)
  An orc wizard (D:12)
  3 orcs
  3 demonic plants (D:1)
  2 fungi (D:1)
  5 plants (D:1)
  A withered plant (D:12)
33 creatures vanquished.

Grand Total: 319 creatures vanquished

Notes
Turn   | Place    | Note
-------+----------+-------------------------------------------
     0 | D:1      | nikt the Spriggan Enchanter began the quest for the Orb.
     0 | D:1      | Reached XP level 1. HP: 9/9 MP: 5/5
   217 | D:1      | Found a faded altar of an unknown god.
   471 | D:1      | Found Beatemne's Antique Weapon Boutique.
   873 | D:2      | Reached XP level 2. HP: 9/13 MP: 7/7
   876 | D:2      | Learned a level 2 spell: Ensorcelled Hibernation
  1415 | D:2      | Reached XP level 3. HP: 16/16 MP: 9/9
  1419 | D:2      | Learned a level 3 spell: Tukima's Dance
  1423 | D:2      | Learned a level 3 spell: Dazzling Flash
  2430 | D:3      | Found a shadowy altar of Dithmenos.
  2457 | D:3      | Reached skill level 5 in Hexes
  2457 | D:3      | Reached XP level 4. HP: 11/21 MP: 11/11
  2489 | D:3      | Became a worshipper of Dithmenos the Shadowed
  3158 | D:3      | Reached skill level 5 in Spellcasting
  3158 | D:3      | Reached XP level 5. HP: 16/24 MP: 13/13
  4093 | D:1      | Bought a glowing dagger for 125 gold pieces
  4348 | D:4      | Reached skill level 5 in Stealth
  4453 | D:4      | Reached XP level 6. HP: 24/28 MP: 5/15
  4806 | D:4      | Reached skill level 6 in Stealth
  4988 | D:4      | Learned a level 1 spell: Animate Skeleton
  5367 | D:5      | Entered Level 5 of the Dungeon
  5380 | D:4      | Reached XP level 7. HP: 26/32 MP: 17/17
  5435 | D:5      | Reached * piety under Dithmenos
  5499 | D:5      | Reached skill level 7 in Stealth
  6127 | D:6      | Reached skill level 8 in Stealth
  6314 | D:6      | Found a staircase to the Ecumenical Temple.
  6321 | D:6      | Reached XP level 8. HP: 28/36 MP: 20/20
  6382 | D:6      | Reached ** piety under Dithmenos
  6408 | D:6      | Reached skill level 9 in Stealth
  6514 | Temple   | Entered the Ecumenical Temple
  6692 | D:6      | Found Zofuqe's Weapon Emporium.
  6740 | D:6      | Reached skill level 10 in Stealth
  6959 | D:7      | Found Emiaggul's General Store.
  7006 | D:7      | Reached XP level 9. HP: 34/37 MP: 22/22
  7148 | D:7      | Noticed a two-headed ogre
  7235 | D:7      | Killed a two-headed ogre
  7236 | D:7      | Reached skill level 11 in Stealth
  7236 | D:7      | Reached skill level 10 in Hexes
  7668 | D:7      | Reached skill level 12 in Stealth
  7668 | D:7      | Reached skill level 10 in Spellcasting
  8710 | D:8      | Noticed a troll
  8714 | D:8      | Killed a troll
  8715 | D:8      | Reached XP level 10. HP: 44/44 MP: 25/25
  8769 | D:8      | Noticed a cyclops
  8770 | D:8      | Noticed a two-headed ogre
  8791 | D:8      | Reached *** piety under Dithmenos
  8799 | D:8      | Killed a two-headed ogre
  8800 | D:8      | Reached skill level 1 in Fighting
  8800 | D:8      | Reached skill level 13 in Stealth
  8828 | D:8      | Killed a cyclops
  9064 | D:9      | Found a flagged portal.
  9071 | Bailey   | Entered a bailey
  9076 | Bailey   | Noticed an orc warlord
  9223 | Bailey   | Found a runed translucent gate.
  9226 | Bailey   | Found a runed translucent gate.
  9229 | Bailey   | Found a runed translucent gate.
  9238 | Bailey   | Noticed an orc knight
  9254 | Bailey   | Killed an orc knight
  9789 | Bailey   | Killed an orc warlord
  9840 | Bailey   | Reached skill level 18 in Stealth
  9840 | Bailey   | Reached XP level 11. HP: 51/51 MP: 27/27
  9841 | Bailey   | Acquired 610 gold pieces
 10016 | D:9      | Reached skill level 5 in Dodging
 10100 | D:9      | Reached **** piety under Dithmenos
 10622 | D:9      | Reached XP level 12. HP: 56/56 MP: 28/28
 10712 | D:9      | Found a staircase to the Lair.
 11107 | D:10     | Entered Level 10 of the Dungeon
 11116 | D:10     | Found a staircase to the Orcish Mines.
 11118 | D:10     | Found Wueteh's Armour Shoppe.
 11136 | D:10     | Noticed Nergalle
 11213 | D:10     | Reached skill level 19 in Stealth
 11479 | D:10     | Killed Nergalle
 11499 | D:10     | You fall into a shaft and drop 2 floors!
 11529 | D:12     | Reached skill level 5 in Short Blades
 11574 | D:12     | Noticed Kirke
 11578 | D:12     | Killed Kirke
 11595 | D:12     | Noticed a two-headed ogre
 11602 | D:12     | Killed a two-headed ogre
 11949 | D:12     | Noticed Erolcha
 11954 | D:12     | Killed Erolcha
 12009 | D:12     | Noticed a two-headed ogre
 12018 | D:12     | Killed a two-headed ogre
 12188 | D:11     | Noticed Snorg
 12195 | D:11     | Killed Snorg
 12377 | D:10     | Identified the ring "Fokots" {Wiz rF- rN+++ Int+4 Stlth+}
 12600 | D:11     | Noticed Josephine
 12605 | D:11     | Killed Josephine
 12701 | D:11     | Noticed a two-headed ogre
 12704 | D:11     | Killed a two-headed ogre
 12865 | D:11     | Reached XP level 13. HP: 45/63 MP: 30/30
 12934 | D:11     | Acquired a +4 quick blade
 13105 | D:13     | Noticed Urug
 13110 | D:13     | Killed Urug
 13110 | D:13     | Noticed Maurice
 13300 | D:13     | Killed Maurice
 13310 | D:13     | Reached skill level 20 in Stealth
 13421 | D:13     | Learned a level 5 spell: Summon Mana Viper
 13587 | D:13     | Noticed a fire dragon
 13592 | D:13     | Reached skill level 1 in Summonings
 13592 | D:13     | Found a gate to the Vaults.
 13594 | D:13     | Noticed Nessos
 13814 | D:13     | Reached skill level 5 in Fighting
 13919 | D:13     | Slain by a centaur warrior

Illustrated notes

Levels and vault maps discovered:
D:1:      grunt_arrival_crossed_arrows, layout_loops_cross,
          shapermc_ecumenical_altar_gd, serial_shops,
          nicolae_shop_overgrown_old_shop
D:2:      layout_basic, nrook_mini_vaults, minmay_misc_feat_plants,
          minmay_circle_x
D:3:      layout_basic, nicolae_dithmenos_shadow_blocks
D:4:      layout_basic
D:5:      layout_cave_pools
D:6:      layout_cave_pools, minmay_temple_entry_large_hall, serial_shops, shop
D:7:      layout_gridville, serial_shops, nicolae_shop_behind_doors
D:8:      minmay_chambers_of_sixes, layout_cave_pods
D:9:      layout_basic, erik_lair_dragon, enter_bailey_2
D:10:     layout_cave_pools, orc_david_3, uniq_nergalle
D:11:     layout_rooms, serial_bayou_crossing, uniq_josephine, uniq_snorg
D:12:     layout_small_grid, serial_undead, serial_undead_c, serial_undead_e,
          serial_undead_c, serial_undead_e, uniq_erolcha, uniq_kirke
D:13:     layout_rooms, lightli_vaults_fourway_checkpoint,
          kennysheep_generic_room_5, uniq_urug, uniq_nessos, uniq_maurice
Temple:   dpeg_three_leaves_temple

Skill      XL: |  1  2  3  4  5  6  7  8  9 10 11 12 13 |
---------------+----------------------------------------+-----
Spellcasting   | 3 4 5 6 7 8 10 11 12 13 | 13.0
Hexes          | 4 5 6 7 9 11 12 13 | 13.2
Stealth        | 5 6 8 10 12 18 19 20 | 20.1
Fighting       | 2 4 5 |  5.0
Short Blades   | 3 4 6 7 |  7.0
Dodging        | 4 5 8 |  8.7
Summonings     | 1 |  1.6

Action                   |  1- 3 |  4- 6 |  7- 9 | 10-12 | 13-15 || total
-------------------------+-------+-------+-------+-------+-------++-------
Melee: Dagger            |   106 |   141 |   177 |   272 |     2 ||   698
       Rapier            |       |    13 |    83 |       |       ||    96
       Short sword       |       |       |       |    34 |       ||    34
       Quick blade       |       |       |       |       |    67 ||    67
Throw: Boomerang         |       |       |       |    29 |       ||    29
       Dart              |       |       |       |    38 |       ||    38
 Cast: Ensorcelled Hiber |    10 |    18 |    68 |    54 |    33 ||   183
       Tukima's Dance    |     1 |     4 |    20 |    15 |     7 ||    47
       Dazzling Flash    |       |       |     6 |       |       ||     6
       Animate Skeleton  |       |       |     2 |     3 |       ||     5
Invok: Shadow Step       |       |       |       |     3 |       ||     3
Evoke: Wand              |       |       |       |     2 |     7 ||     9
  Use: Scroll            |     9 |     3 |     2 |     8 |     3 ||    25
       Potion            |     1 |     1 |       |     3 |     3 ||     8
 Stab: Sleeping          |    17 |    16 |    47 |    75 |    12 ||   167
       Invisible         |     2 |     2 |     3 |       |       ||     7
       Distracted        |       |       |     4 |     5 |       ||     9
       Petrifying        |       |       |       |       |     1 ||     1
Armor: Robe              |    15 |    18 |    38 |       |       ||    71
       Steam dragon scal |       |       |       |    51 |    12 ||    63
Dodge: Dodged            |    64 |   123 |   270 |   281 |    84 ||   822

Table legend: (Time is in decaauts)
 A = Elapsed time spent in this place.
 B = Non-inter-level travel time spent in this place.
 C = Inter-level travel time spent in this place.
 D = Time resting spent in this place.
 E = Time spent auto-exploring this place.
 F = Levels seen in this place.
 G = Mean time per level.
                   A        B        C        D        E       F      G
               +--------+--------+--------+--------+--------+-----+--------+
         Total |  10324 |   9995 |    329 |   1694 |   5582 |  15 |  688.3 |
       Dungeon |   9688 |   9359 |    329 |   1657 |   5400 |  13 |  745.2 |
        Temple |      1 |      1 |      0 |      0 |      0 |   1 |    1.0 |
        Bailey |    634 |    634 |      0 |     37 |    181 |   1 |  634.0 |
               +--------+--------+--------+--------+--------+-----+--------+

Top non-repeatable levels by time:
     D:3: 1640 daAuts
     D:1: 915 daAuts
     D:4: 888 daAuts
     D:8: 835 daAuts
     D:9: 794 daAuts
     D:6: 750 daAuts
     D:2: 739 daAuts
     D:7: 672 daAuts
  Bailey: 634 daAuts
    D:13: 548 daAuts
    D:10: 516 daAuts
     D:5: 511 daAuts
    D:12: 510 daAuts
    D:11: 368 daAuts
  Temple: 1 daAuts
